 Dungeon Crawl Stone Soup version 0.32-a0-747-gc8563f6773 (webtiles) character file.

Game seed: 12186039942020146858

1376654 gosagan the Ruinous (level 27, 175/175 HPs)
             Began as a Kobold Enchanter on Mar 16, 2024.
             Was the Champion of Dithmenos.
             Escaped with the Orb
             ... and 3 runes on Mar 17, 2024!
             The game lasted 06:01:40 (103872 turns).

gosagan the Ruinous (Kobold Enchanter)            Turns: 103872, Time: 06:01:41

Health: 175/175    AC: 19    Str: 15    XL:     27
Magic:  45/45      EV: 31    Int: 24    God:    Dithmenos [******]
Gold:   3553       SH: 21    Dex: 28    Spells: 2/42 levels left

rFire   + + +        b - +5 short sword "Soahu" {heavy, rC+ Str+3 Dex+4}
rCold   + . .        g - +5 kite shield {reflect}
rNeg    . . .        p - +6 leather armour "Pimijoiq" {Will+ MP+9}
rPois   +            X - +2 helmet
rElec   +            J - scarf of Colut {repulsion, Fly rElec Str+3}
rCorr   .            H - +0 pair of fencer's gloves {Riposte Dex+3}
SInv    +            x - +2 pair of boots {rampage}
Will    +++..        n - amulet of Tiweany {rF++ RegenMP+ Stlth+}
Stlth   +++++        Y - ring "Uriunini" {rPois Str+3 Slay-5 SInv}
HPRegen 0.49/turn    e - ring of wizardry
MPRegen 0.69/turn

%: repel missiles, reflection, rampage, wizardry (x1)
@: flying, wreathed by umbra, studying Unarmed Combat
A: small, no large weapons, nightstalker 3, fire resistance 1, screaming 1,
shaggy fur 1, evolution 1, sturdy frame 1, persistent drain
0: Orb of Zot
}: 3/15 runes: decaying, slimy, gossamer
a: Renounce Religion, Shadow Step, Shadow Form


You escaped.
You worshipped Dithmenos.
Dithmenos was exalted by your worship.
You visited 11 branches of the dungeon, and saw 52 of its levels.
You also visited: Bailey, Gauntlet, Ice Cave and Desolation.

You collected 6826 gold pieces.
You spent 3273 gold pieces at shops.

Inventory:

Hand Weapons
 b - the +5 short sword "Soahu" (weapon) {heavy, rC+ Str+3 Dex+4}
   (You found it on level 11 of the Dungeon)

   Str+3:     It affects your strength (+3).
   Dex+4:     It affects your dexterity (+4).
   rC+:       It protects you from cold.
 r - a +9 spectral quick blade
Missiles
 j - 2 throwing nets
 M - 8 curare-tipped darts
Armour
 d - quicksilver dragon scales
 g - a +5 kite shield of reflection (worn)
 p - the +6 leather armour "Pimijoiq" (worn) {Will+ MP+9}
   (You found it on level 13 of the Dungeon)

   Will+:     It increases your willpower.
   MP+9:      It affects your magic capacity (+9).
 x - a +2 pair of boots of rampaging (worn)
 H - the +0 pair of fencer's gloves (worn) {Riposte Dex+3}
   (You acquired it on level 6 of the Dungeon)

   Riposte:   It allows the wearer to riposte with melee weapons, swiftly
   retaliating against missed or blocked melee attacks.
   Dex+3:     It affects your dexterity (+3).
 J - the scarf of Colut (worn) {repulsion, Fly rElec Str+3}
   (You acquired it in a bailey)

   Str+3:     It affects your strength (+3).
   rElec:     It insulates you from electricity.
   Fly:       It grants you flight.
 X - a +2 helmet (worn)
Jewellery
 e - a ring of wizardry (right hand)
 i - a ring of poison resistance
 n - the amulet of Tiweany (around neck) {rF++ RegenMP+ Stlth+}
   (You found it in the Desolation of Salt)

   [amulet of magic regeneration]

   It increases your rate of magic regeneration.
   rF++:      It greatly protects you from fire.
   Stlth+:    It makes you more stealthy.
   RegenMP+:  It increases your rate of magic regeneration.
 v - an amulet of the acrobat
 T - a +4 ring of protection
 V - a +6 ring of intelligence
 Y - the ring "Uriunini" (left hand) {rPois Str+3 Slay-5 SInv}
   (You found it in the Desolation of Salt)

   [ring of see invisible]

   Str+3:     It affects your strength (+3).
   Slay-5:    It affects your accuracy & damage with ranged weapons and melee
   (-5).
   rPois:     It protects you from poison.
   SInv:      It lets you see invisible.
Wands
 s - a wand of iceblast (51)
 t - a wand of paralysis (41)
 Q - a wand of mindburst (26)
 R - a wand of digging (10)
 Z - a wand of light (3)
Scrolls
 h - 2 scrolls of enchant weapon
 l - 9 scrolls of fog
 m - 4 scrolls of immolation
 u - a scroll of fear
 A - 6 scrolls of teleportation
 B - 5 scrolls of vulnerability
 E - 11 scrolls of amnesia
 F - a scroll of silence
 I - 2 scrolls of torment
 L - a scroll of revelation
 U - 6 scrolls of poison
Potions
 a - 4 potions of brilliance
 c - 18 potions of curing
 f - a potion of magic
 k - 7 potions of enlightenment
 w - 4 potions of lignification
 z - 8 potions of attraction
 D - a potion of mutation
 G - 2 potions of cancellation
 K - 8 potions of ambrosia
 O - a potion of might
 P - 2 potions of invisibility
 S - a potion of resistance
 W - 3 potions of heal wounds
Miscellaneous
 o - a sack of spiders
 y - a phantom mirror
 C - a lightning rod (4/4)
 N - a condenser vane


   Skills:
 + Level 18.7 Fighting
 - Level 10.0 Short Blades
 - Level 8.8 Armour
 - Level 15.8 Dodging
 - Level 10.0 Stealth
 - Level 14.6 Shields
 - Level 8.3 Spellcasting
 - Level 22.7 Conjurations
 - Level 9.0 Hexes
 - Level 12.2 Summonings
 - Level 4.0 Ice Magic
 - Level 8.0 Air Magic
 - Level 19.6 Earth Magic
 - Level 19.1 Invocations
 - Level 4.4 Evocations


You had 2 spell levels left.
You knew the following spells:

 Your Spells              Type           Power      Damage    Failure   Level
a - Ensorcelled Hibernat  Hex/Ice        82%        N/A       1%          2
b - Lehudib's Crystal Sp  Conj/Erth      42%        10d10     5%          8
c - Tukima's Dance        Hex            52%        N/A       1%          3
d - Freezing Cloud        Conj/Ice/Air   30%        6-21      1%          5
e - Bombard               Conj/Erth      42%        9d7       1%          6
f - Spellforged Servitor  Conj/Summ      38%        N/A       3%          7
g - Summon Lightning Spi  Summ/Air       56%        N/A       1%          4
h - Irradiate             Conj/Alch      29%        3d21      1%          5

Your spell library contained the following spells:

 Spells                   Type           Power      Damage    Failure   Level
 Magic Dart               Conj           100%       1d8       0%          1
 Searing Ray              Conj           100%       2d8       0%          2
 Freeze                   Ice            100%       1d10      1%          1
 Kiss of Death            Conj/Necr      100%       2d13      1%          1
 Summon Small Mammal      Summ           100%       N/A       1%          1
 Call Imp                 Summ           100%       N/A       1%          2
 Jinxbite                 Hex            100%       N/A       1%          2
 Mercury Vapours          Alch/Air       58%        N/A       1%          2
 Momentum Strike          Conj/Tloc      100%       3d10      1%          2
 Static Discharge         Conj/Air       100%       3-8/arc   1%          2
 Cigotuvi's Dreadful Rot  Necr/Alch/Air  44%        N/A       2%          2
 Apportation              Tloc           20%        N/A       4%          1
 Necrotise                Necr           40%        1d6       4%          1
 Lesser Beckoning         Tloc           20%        N/A       7%          2
 Scorch                   Fire           20%        2d5       7%          2
 Call Canine Familiar     Summ           62%        N/A       1%          3
 Confusing Touch          Hex            52%        N/A       1%          3
 Dazzling Flash           Conj/Hex       100%       N/A       1%          3
 Hailstorm                Conj/Ice       65%        3d12      1%          3
 Mephitic Cloud           Conj/Alch/Air  56%        N/A       1%          3
 Sigil of Binding         Hex            52%        N/A       1%          3
 Airstrike                Air            24%        2d(4-20)  1%          4
 Animate Armour           Summ/Erth      100%       N/A       1%          4
 Cause Fear               Hex            26%        N/A       1%          4
 Flame Wave               Conj/Fire      59%        2d14      1%          4
 Fulminant Prism          Conj/Alch      29%        3d14      1%          4
 Iskenderun's Mystic Bla  Conj/Tloc      59%        2d12      1%          4
 Fireball                 Conj/Fire      29%        3d13      1%          5
 Iskenderun's Battlesphe  Conj           87%        2d13      1%          5
 Lee's Rapid Deconstruct  Erth           40%        3d20*     1%          5
 Orb of Destruction       Conj           43%        9d12      1%          7
 Frozen Ramparts          Ice            58%        1d9       2%          3
 Ozocubu's Armour         Ice            29%        N/A       2%          3
 Martyr's Knell           Necr/Summ      39%        N/A       4%          4
 Summon Blazeheart Golem  Fire/Summ      39%        N/A       4%          4
 Silence                  Hex/Air        25%        N/A       4%          5
 Summon Cactus Giant      Summ           31%        N/A       4%          6
 Starburst                Conj/Fire      29%        6d9       7%          6
 Anguish                  Hex/Necr       15%        N/A       8%          4
 Summon Forest            Summ/Tloc      19%        N/A       11%         5
 Fugue of the Fallen      Necr           10%        N/A       14%         3
 Gell's Gravitas          Tloc           10%        N/A       14%         3
 Teleport Other           Tloc           10%        N/A       14%         3
 Vampiric Draining        Necr           10%        2d6       14%         3
 Volatile Blastmotes      Fire/Tloc      20%        2d11      14%         3
 Yara's Violent Unravell  Hex/Alch       15%        3d8       21%         5
 Summon Hydra             Summ           31%        N/A       26%         7
 Animate Dead             Necr           10%        N/A       41%         4
 Dispel Undead            Necr           10%        3d9       41%         4
 Ignite Poison            Fire/Alch      10%        N/A       41%         4
 Manifold Assault         Tloc           10%        N/A       41%         4
 Passage of Golubria      Tloc           10%        N/A       41%         4
 Sticky Flame             Fire/Alch      10%        2d5       41%         4
 Enfeeble                 Hex            26%        N/A       65%         7
 Alistair's Intoxication  Alch           6%         N/A       75%         5
 Curse of Agony           Necr           10%        N/A       75%         5
 Summon Horrible Things   Summ           31%        N/A       86%         8
 Sculpt Simulacrum        Ice/Alch       9%         N/A       95%         6
 Haunt                    Necr/Summ      19%        N/A       95%         7
 Malign Gateway           Summ/Tloc      19%        N/A       95%         7
 Death Channel            Necr           5%         N/A       99%         6
 Dispersal                Tloc           5%         N/A       99%         6
 Eringya's Noxious Bog    Alch           5%         4d6       99%         6
 Ozocubu's Refrigeration  Ice            14%        4d10      99%         7
 Disjunction              Tloc           5%         N/A       100%        8
 Ignition                 Fire           5%         3d4       100%        8
 Maxwell's Capacitive Co  Air            24%        ∞         100%        8
 Dragon's Call            Summ           31%        N/A       100%        9
 Polar Vortex             Ice            14%        12d1*     100%        9


Dungeon Overview and Level Annotations

Branches:
Dungeon (15/15)            Temple (1/1) D:5            Lair (5/5) D:10
  Swamp (4/4) Lair:3       Spider (4/4) Lair:3        Slime (5/5) Lair:5
    Orc (2/2) D:9             Elf (3/3) Orc:2        Vaults (4/5) D:14
  Crypt (0/3) Vaults:2     Depths (4/4) D:15            Zot (5/5) Depths:4
 Bailey (visited)           IceCv (visited)         Desolation (visited)
Gauntlet (visited)

Altars:
Ashenzari
Cheibriados
Dithmenos
Elyvilon
Fedhas
Gozag
Hepliaklqana
Kikubaaqudgha
Makhleb
Nemelex Xobeh
Okawaru
Qazlal
Ru
Sif Muna
Trog
Uskayaw
Vehumet
Wu Jian
Xom
Yredelemnul
Zin
The Shining One
Beogh
Jiyva

Shops:
D:11 [   D:12 *   Orc:2 =?(?   Elf:1 =(!*   Elf:2 *   Elf:3 !   Vaults:1 (
Vaults:3 =   Depths:2 (=

Portals:
Hell: Depths:1 Depths:2 Depths:3 Depths:4
Abyss: Depths:1 Depths:3 Depths:4
Pandemonium: Orc:2 Depths:2 Depths:3
Ziggurat: Depths:1

Annotations:
Lair:5 exclusion: 3 doors
Swamp:4 1 runed translucent door, exclusion: 2 oklob plants, Wesew's ghost, adept DECj
Spider:1 exclusions: broodmother, redback and 1 more exclusion
Spider:2 Asterion; Frances
Slime:5 exclusion: upstairs
Orc:2 3 runed translucent doors, BeKind's ghost, journeyman OpIE; GNSpeed's ghost, journeyman TrBe; djent's ghost, journeyman DEMo
Depths:1 1 runed translucent door
Depths:3 Mennas; Vv
Zot:3 2 transporters
Zot:4 3 runed translucent doors, exclusion: downstairs


Innate Abilities, Weirdness & Mutations

You are small and have problems with some larger weapons.
You are completely attuned to the shadows.
Your flesh is heat resistant. (rF+)
You occasionally shout uncontrollably at your foes.
You are covered in fur. (AC +1)
You have hidden genetic potential.
Your movements are slightly less encumbered by armour. (ER -2)
Your health recovers twice as slowly from being drained.


Message History

Your summoned ally is left behind.
There is a stone staircase leading up here.
You fly upwards.
There is a stone staircase leading down here.
Okay, then.
Aiming: Dig
Press: ? - help, Shift-Dir - straight line A rock wall.
This square is wreathed by an umbra and is covered in magical glow.
The rock shatters into small pieces.
Aiming: Dig
Press: ? - help, Shift-Dir - straight line A rock wall.
This square is wreathed by an umbra and is covered in magical glow.
The rock shatters into small pieces.
A chaos spawn comes into view.
Casting: Lehudib's Crystal Spear (dangerous; 5% risk of failure)
Confirm with . or Enter, or press ? or * to list all spells.
Aiming: Bombard (mildly dangerous; 1% risk of failure)
Press: ? - help, Shift-Dir - straight line, f - chaos spawn
Aim: a chaos spawn (umbra, 70% to hit)
The iron shot hits the chaos spawn!!
The chaos spawn is almost dead.
The blast sends you backwards.
A cherub comes into view.
It is wielding a +2 scimitar of flaming.
Your shadow mimics your spell!
The shadow shard hits the chaos spawn!
You kill the chaos spawn!
Dithmenos accepts your kill.
The chaos spawn degenerates into a cloud of primal chaos!
The cherub unwields a +2 scimitar of flaming.
It stops flaming.
The cherub wields a +0 sling.
The cherub shoots a sling bullet.
The sling bullet completely misses you.
Aiming: Dig
Press: ? - help, Shift-Dir - straight line A rock wall.
This square is wreathed by an umbra and is covered in magical glow.
The rock shatters into small pieces.
There is a staircase leading out of the dungeon here.
You have escaped!

#######
#.....#
#..@..#
#.....#
#.###.#
#.#÷#.#
#.###.#
#.....## #
#......## #
#.....#.##
#
###'####.##
#


There were no monsters in sight!

Vanquished Creatures
  the Royal Jelly (Slime:5)
  7 orbs of fire
  An ancient lich (Zot:5)
  Mara (Vaults:3)
  Boris (twice) (Depths:2 Depths:4)
  Parghit (Depths:3)
  7 Killer Klowns (Zot:5)
  A curse toe (Zot:2)
  Nikola (Spider:1)
  Jory (Vaults:2)
  6 golden dragons
  A bone dragon (Depths:4)
  4 electric golems
  6 tentacled monstrosities
  4 liches
  16 Orb Guardians
  2 deep elf master archers (Elf:3)
  2 quicksilver dragons
  2 sphinxes
  An Executioner (Depths:2)
  8 acid blobs
  8 death cobs
  An ancient champion (Vaults:2)
  A thorn hunter (Swamp:4)
  6 storm dragons
  A fenstrider witch (Swamp:4)
  Donald (Orc:2)
  5 shadow dragons
  6 draconian monks
  3 tengu reavers (Depths:1)
  4 protean progenitors
  7 azure jellies
  5 rockslimes
  4 emperor scorpions
  5 fire giants
  4 frost giants
  3 vault wardens
  7 ghost moths
  2 imperial myrmidons (Desolation)
  6 draconian knights
  2 curse skulls (Zot:1)
  4 draconian shifters
  A deep elf elementalist (Elf:3)
  A ghoul (Swamp:4)
  2 draconian scorchers
  7 draconian stormcallers
  3 orc warlords
  3 draconian annihilators
  4 reapers
  2 broodmothers
  12 ironbound preservers
  5 very ugly things
  5 quicksilver oozes
  3 vampire knights
  A formless jellyfish (Vaults:1)
  2 eleionomae
  3 stone giants
  8 ironbound thunderhulks
  2 deep elf demonologists
  17 dire elephants
  5 black draconians
  The ghost of Agan the Black Belt, a journeyman MeSh (Lair:4)
  8 white draconians
  2 war gargoyles
  A spark wasp (Depths:2)
  Azrael (D:15)
  5 deep elf death magi
  3 green draconians
  A minotaur (Gauntlet)
  A halazid warlock (Desolation)
  11 yellow draconians
  5 deep elf annihilators
  4 bunyips
  5 red draconians
  3 purple draconians
  An eidolon (Depths:1)
  Snorg (D:10)
  6 statues (Depths:2)
  4 ettins
  4 fire dragons
  3 deep elf high priests
  3 crystal guardians
  2 yaktaur captains
  3 shambling mangroves
  9 entropy weavers
  6 great orbs of eyes
  5 hydras
  11 ironbound frosthearts
  7 ragged hierophants (Desolation)
  5 rakshasas
  4 ice dragons
  4 caustic shrike simulacra (IceCv)
  A hell beast (Depths:1)
  6 servants of whispers (Desolation)
  3 demonspawn (Orc:2)
  8 peacekeepers
  3 salamander tyrants (Depths:2)
  4 spriggan air magi
  5 boulder beetles
  2 ghost crabs
  10 radroaches
  14 centaur warriors
  2 catoblepae (Lair:3)
  10 alligators
  2 jorogumos
  An ogre mage (D:15)
  10 two-headed ogres
  21 dancing weapons
  2 tengu warriors
  6 death yaks
  4 deep troll shamans
  11 orc high priests
  8 occultists
  2 death scarabs (Spider:1)
  A spectral dire elephant (Lair:5)
  11 demonic crawlers
  Urug (D:10)
  3 spriggan berserkers
  7 deep troll earth magi
  2 sun demons
  A soul eater (Orc:1)
  4 hell knights
  A skyshark (Lair:2)
  3 iron trolls
  A sixfirhy (Depths:2)
  A spectral anaconda (Lair:5)
  2 spectral death yaks (Lair:5)
  A death drake (Swamp:2)
  16 deep elf knights
  5 pharaoh ants
  4 goliath frogs
  A sun moth (Spider:4)
  4 spriggan druids
  2 swamp dragons
  4 orb spiders
  3 obsidian statues
  4 bog bodies
  4 glowing orange brains
  10 lindwurms
  A flayed ghost (Depths:3)
  5 arcanists
  3 deep elf archers
  15 ironbound convokers
  43 deep trolls
  A sea snake (shapeshifter) (Vaults:2)
  A spectral hydra (Swamp:4)
  23 deep elf zephyrmancers
  2 phantasmal warriors (Depths:4)
  12 orc knights
  8 steelbarb worms
  5 harpies (Vaults:1)
  2 lightning spires (Zot:1)
  10 necromancers
  A cyclops (D:12)
  22 deep elf pyromancers
  11 wolf spiders
  3 shining eyes (Slime:5)
  19 ugly things
  A faun (Zot:5)
  9 orc sorcerers
  A will-o-the-wisp (Swamp:4)
  5 oklob plants
  14 meliai
  31 moths of wrath
  6 manticores
  A kobold blastminer (Orc:1)
  21 elephants
  A rust devil (D:15)
  9 black mambas
  3 torpor snails
  10 vault sentinels
  2 gargoyles
  3 cane toads
  2 unseen horrors
  2 centaur skeletons (D:15)
  2 freezing wraiths
  A hellion (Depths:2)
  A spriggan zombie (Depths:2)
  2 ice devils (IceCv)
  6 yaktaurs
  Maggie (D:8)
  A minotaur zombie (Gauntlet)
  Psyche (D:10)
  A rime drake (shapeshifter) (D:13)
  10 tengu conjurers
  9 komodo dragons
  A kobold demonologist (Bailey)
  4 golden dragon simulacra (IceCv)
  A red devil (Orc:2)
  8 trolls
  2 bloated husks
  21 tarantellas
  5 polar bears
  12 hornets
  Grinder (D:4)
  4 snapping turtles
  10 tyrant leeches
  36 saltlings
  26 blink frogs
  2 glass eyes
  7 nameless horrors
  A centaur simulacrum (D:15)
  22 culicivoras
  23 jumping spiders
  41 slime creatures
  A vampire (D:14)
  4 wraiths
  2 air elementals
  7 wyverns
  3 shadows
  17 spriggans
  3 water elementals
  46 yaks
  8 fire elementals
  4 basilisks
  73 redbacks
  A golden eye (Slime:4)
  A golden eye (shapeshifter) (D:15)
  A basilisk (shapeshifter) (D:14)
  9 wargs
  A chaos spawn (D:1)
  Menkaure (D:4)
  A death yak simulacrum (Lair:5)
  A steam dragon (D:10)
  12 vampire mosquitoes
  9 swamp worms
  A harpy simulacrum (IceCv)
  3 acid dragons
  3 hell hounds (D:15)
  3 hydra simulacra (IceCv)
  15 water moccasins
  3 swamp drakes
  An ice beast (D:5)
  3 black bears
  An elephant zombie (Lair:5)
  32 orc warriors
  4 wolves (Lair:1)
  4 laughing skulls
  10 ogres
  7 boggarts
  A swamp dragon skeleton (Swamp:4)
  14 centaurs
  2 phantoms
  3 kobold brigands
  11 bullfrogs
  2 scorpions (D:6)
  A deep troll simulacrum (IceCv)
  3 earth elementals (Elf:3)
  A cane toad simulacrum (Lair:5)
  3 wights (D:9)
  A hornet simulacrum (D:15)
  3 killer bees (D:10)
  4 electric eels (Bailey)
  5 howler monkeys
  A bombardier beetle (D:3)
  4 hounds
  26 orc priests
  A sleepcap (D:6)
  2 gnoll boudas (D:6)
  2 jellies (D:6)
  9 hell rats
  5 iguanas
  Ijyb (D:3)
  31 orc wizards
  8 gnolls
  16 adders
  A white imp (D:6)
  A ribbon worm (D:2)
  4 dart slugs
  70 orcs
  9 bats
  4 endoplasms
  4 giant cockroaches
  11 goblins
  11 hobgoblins
  4 quokkas
  6 ball pythons
  A frilled lizard (D:2)
  15 kobolds
  4 rats
  2 aspiring fleshes (Zot:5)
  A butterfly (Lair:3)
1779 creatures vanquished.

Vanquished Creatures (collateral kills)
  2 orbs of fire (Zot:5)
  Sojobo (Depths:1)
  5 golden dragons
  An electric golem (Zot:1)
  2 tentacled monstrosities
  A walking earthen tome (Depths:4)
  10 Orb Guardians
  3 deep elf blademasters
  6 quicksilver dragons
  4 acid blobs (Slime:5)
  3 death cobs
  2 shadow dragons
  2 tengu reavers (Depths:2)
  A thorn hunter (Swamp:4)
  2 protean progenitors
  2 azure jellies
  5 storm dragons
  4 rockslimes
  Aizul (Spider:3)
  2 frost giants (Depths:2)
  A draconian shifter (Zot:4)
  An emperor scorpion (Spider:4)
  2 deep elf sorcerers (Elf:3)
  A fire giant (Vaults:2)
  3 draconian monks
  A draconian knight (Zot:3)
  A deep elf elementalist (Elf:3)
  An imperial myrmidon (Desolation)
  A vault warden (Vaults:2)
  An angel (D:3)
  An ironbound preserver (Vaults:1)
  3 draconian scorchers
  A ghoul (Swamp:4)
  An iron dragon (Depths:2)
  2 spriggan defenders (Depths:3)
  4 draconian stormcallers
  2 draconian annihilators
  A quicksilver ooze (Slime:4)
  A hydra skeleton (Swamp:4)
  A formless jellyfish (Slime:5)
  2 stone giants
  A broodmother (Spider:1)
  2 black draconians (Depths:4)
  A bunyip (Swamp:4)
  A demonspawn black sun (Depths:2)
  A deep elf demonologist (Elf:3)
  8 green draconians
  A deep elf death mage (Elf:3)
  8 dire elephants
  A minotaur (Lair:4)
  6 red draconians
  4 deep elf annihilators (Elf:3)
  5 yellow draconians (Zot:4)
  3 purple draconians
  5 white draconians
  An ettin (Depths:4)
  A crystal guardian (Desolation)
  2 fire dragons
  A ragged hierophant (Desolation)
  2 entropy weavers (Spider:4)
  A shambling mangrove (Swamp:4)
  A salamander tyrant (Depths:2)
  A peacekeeper (Desolation)
  A vault guard (Vaults:3)
  2 hydras
  2 ice dragons
  A jorogumo (Spider:2)
  2 spriggan air magi
  3 alligators
  An ironbound frostheart (Vaults:3)
  2 dancing weapons (Elf:2)
  A vampire mage (Depths:4)
  A two-headed ogre (shapeshifter) (Elf:3)
  3 boulder beetles
  A deep troll earth mage (Depths:1)
  4 deep troll shamans
  2 spriggan berserkers (Depths:4)
  A demonic crawler (Spider:1)
  4 occultists
  4 tengu warriors
  2 hell knights (Depths:1)
  A titan skeleton (Depths:2)
  3 deep elf knights (Elf:2)
  5 iron trolls
  A spriggan druid (Depths:3)
  A flayed ghost (Swamp:4)
  17 deep trolls
  2 spectral hydras (Swamp:4)
  An ironbound convoker (Vaults:1)
  A bog body (IceCv)
  4 thermic dynamos (Elf:2)
  2 swamp dragons (Swamp:4)
  3 deep elf archers
  A necromancer (Depths:2)
  3 deep elf zephyrmancers
  A phantasmal warrior (Swamp:4)
  3 orc knights
  7 ugly things
  4 deep elf pyromancers
  A wolf spider (Spider:2)
  A will-o-the-wisp (Swamp:4)
  2 fauns (Zot:5)
  An iron dragon skeleton (Depths:2)
  2 moths of wrath (Zot:5)
  2 vault sentinels (Vaults:1)
  A guardian serpent (Desolation)
  A torpor snail (Lair:4)
  7 freezing wraiths
  A tengu conjurer (Depths:3)
  2 hydra zombies (Swamp:4)
  6 hornets
  A tarantella (Spider:2)
  A tyrant leech (Swamp:1)
  2 saltlings (Desolation)
  A culicivora (Spider:3)
  25 slime creatures
  3 jumping spiders
  13 spriggans
  A water elemental (Elf:1)
  A dire elephant simulacrum (IceCv)
  A golden eye (Slime:4)
  2 vampire mosquitoes
  7 redbacks
  2 swamp worms
  2 hydra simulacra (Swamp:4)
  6 swamp drakes (Swamp:4)
  8 orc warriors
  2 boggarts (Vaults:2)
  A swamp dragon skeleton (Swamp:4)
  An orc wizard (Depths:3)
  3 gnolls
  A swamp drake zombie (Swamp:4)
  A swamp drake skeleton (Swamp:4)
  8 orcs
  2 kobolds (D:8)
367 creatures vanquished.

Vanquished Creatures (others)
  A salamander tyrant (Depths:1)
  12 dancing weapons
  A saltling (Desolation)
  2 redbacks (Spider:1)
  An orc wizard (D:7)
  4 foxfires (Swamp:4)
21 creatures vanquished.

Grand Total: 2167 creatures vanquished

Notes
Turn   | Place    | Note
-------+----------+-------------------------------------------
     0 | D:1      | gosagan the Kobold Enchanter began the quest for the Orb.
     0 | D:1      | Reached XP level 1. HP: 10/10 MP: 3/3
    98 | D:1      | Reached XP level 2. HP: 8/15 MP: 5/5
   134 | D:1      | Learned a level 2 spell: Ensorcelled Hibernation
   661 | D:1      | Found a faded altar of an unknown god.
   750 | D:1      | You fall into a shaft and drop 1 floor!
   879 | D:2      | Reached XP level 3. HP: 19/19 MP: 6/6
  1294 | D:2      | Reached XP level 4. HP: 24/24 MP: 7/7
  1488 | D:3      | Noticed Ijyb
  1498 | D:3      | Paralysed by Ijyb for 2 turns
  1500 | D:3      | Killed Ijyb
  1769 | D:2      | Reached skill level 5 in Hexes
  1896 | D:2      | Reached XP level 5. HP: 14/28 MP: 8/8
  2141 | D:2      | Learned a level 3 spell: Confusing Touch
  2894 | D:3      | Reached XP level 6. HP: 32/32 MP: 9/9
  3581 | D:4      | Noticed Menkaure
  3592 | D:4      | Killed Menkaure
  3593 | D:4      | Reached XP level 7. HP: 25/36 MP: 10/10
  3593 | D:4      | Noticed Grinder
  3637 | D:4      | Killed Grinder
  3906 | D:4      | Learned a level 3 spell: Tukima's Dance
  4053 | D:5      | Entered Level 5 of the Dungeon
  4236 | D:5      | Reached skill level 1 in Ice Magic
  4236 | D:5      | Reached XP level 8. HP: 40/41 MP: 3/11
  4520 | D:5      | Noticed a wyvern
  4527 | D:5      | Killed a wyvern
  4534 | D:5      | Noticed a wyvern
  4738 | D:5      | Reached skill level 5 in Short Blades
  5243 | D:5      | Found a staircase to the Ecumenical Temple.
  5251 | Temple   | Entered the Ecumenical Temple
  5321 | Temple   | Became a worshipper of Dithmenos the Shadowed
  5755 | D:6      | Reached XP level 9. HP: 45/45 MP: 8/12
  5764 | D:6      | Reached skill level 5 in Stealth
  6643 | D:6      | Identified a scroll of acquirement
  6644 | D:6      | Acquired the +0 pair of fencer's gloves {Riposte Dex+3}
  6644 | D:6      | Found the +0 pair of fencer's gloves {Riposte Dex+3}
  6903 | D:6      | Killed an unseen horror
  6903 | D:6      | Reached * piety under Dithmenos
  6904 | D:6      | Reached skill level 10 in Short Blades
  7417 | D:6      | Reached XP level 10. HP: 40/56 MP: 1/13
  7947 | D:7      | Found a flagged portal.
  8039 | Bailey   | Entered a bailey
  8102 | Bailey   | Reached skill level 10 in Stealth
  8217 | Bailey   | Noticed an orc sorcerer
  8372 | Bailey   | Noticed an orc knight
  8384 | Bailey   | Killed an orc knight
  8688 | Bailey   | Killed an orc sorcerer
  8803 | Bailey   | Acquired the scarf of Colut {repulsion, Fly rElec Str+3}
  8835 | Bailey   | Reached ** piety under Dithmenos
  9312 | Bailey   | Found an iron altar of Okawaru.
  9314 | Bailey   | Noticed a kobold demonologist
  9318 | Bailey   | Killed a kobold demonologist
  9336 | Bailey   | Reached XP level 11. HP: 61/61 MP: 14/14
  9376 | Bailey   | Identified the +10 fire dragon scales of Polyomn {rF++ rC-
                  | Str-4 Int+4 Stlth+}
  9659 | Bailey   | Identified the +9 battleaxe "Fish" {drain, Str+4}
 10419 | D:8      | Reached skill level 1 in Conjurations
 10419 | D:8      | Reached skill level 1 in Air Magic
 10754 | D:8      | Noticed Maggie
 10758 | D:8      | Killed Maggie
 10759 | D:8      | Reached XP level 12. HP: 66/66 MP: 15/15
 11426 | D:8      | Learned a level 5 spell: Freezing Cloud
 12055 | D:9      | Reached skill level 2 in Conjurations
 12314 | D:9      | Found a staircase to the Orcish Mines.
 13396 | D:9      | Found a bloodstained altar of Trog.
 13696 | D:10     | Entered Level 10 of the Dungeon
 13702 | D:10     | Reached *** piety under Dithmenos
 13703 | D:10     | Reached skill level 3 in Conjurations
 13762 | D:10     | Noticed Snorg
 13766 | D:10     | Killed Snorg
 13767 | D:10     | Reached skill level 4 in Conjurations
 13954 | D:10     | Found a staircase to the Lair.
 14032 | D:10     | Noticed Urug
 14036 | D:10     | Killed Urug
 14135 | D:10     | Noticed Psyche
 14148 | D:10     | Killed Psyche
 14303 | D:10     | Reached skill level 5 in Conjurations
 14306 | D:10     | Reached skill level 5 in Air Magic
 14518 | D:10     | Noticed a two-headed ogre
 14522 | D:10     | Killed a two-headed ogre
 14621 | D:10     | Noticed a two-headed ogre
 14625 | D:10     | Killed a two-headed ogre
 14626 | D:10     | Reached skill level 6 in Conjurations
 15358 | D:11     | Found Iklij's Armour Shoppe.
 15536 | D:11     | Noticed a two-headed ogre
 15574 | D:11     | Killed a two-headed ogre
 15575 | D:11     | Reached XP level 13. HP: 70/70 MP: 12/16
 15596 | D:11     | Reached skill level 7 in Conjurations
 15782 | D:11     | Identified the +5 short sword "Soahu" {heavy, rC+ Str+3
                  | Dex+4}
 16273 | D:12     | Found Haugaj's Assorted Antiques.
 16278 | D:12     | Bought a potion of heal wounds for 165 gold pieces
 16278 | D:12     | Bought a potion of haste for 330 gold pieces
 16278 | D:12     | Bought a scroll labelled NICON JAFAN for 33 gold pieces
 16278 | D:12     | Bought a notched onyx ring for 165 gold pieces
 16573 | D:12     | Reached **** piety under Dithmenos
 17023 | D:12     | Reached skill level 8 in Conjurations
 17136 | D:12     | Reached skill level 1 in Earth Magic
 17778 | D:13     | Identified the +6 leather armour "Pimijoiq" {Will+ MP+9}
 17997 | D:13     | Noticed a centaur warrior
 17999 | D:13     | Killed a centaur warrior
 18020 | D:13     | Reached skill level 9 in Conjurations
 18342 | D:13     | Found a glowing golden altar of the Shining One.
 18771 | Lair:1   | Entered Level 1 of the Lair of Beasts
 19177 | Lair:1   | Reached skill level 5 in Earth Magic
 19280 | Lair:1   | Found a gate leading to a gauntlet.
 19310 | Gauntlet | Entered a Gauntlet
 19310 | Gauntlet | Found a transporter.
 19349 | Gauntlet | Found a transporter.
 19390 | Gauntlet | Noticed a hell beast
 19391 | Gauntlet | Found a transporter.
 19409 | Gauntlet | Found a transporter.
 19409 | Gauntlet | Found a transporter.
 19422 | Gauntlet | Found a transporter.
 19435 | Gauntlet | Found a transporter.
 19477 | Gauntlet | Found a transporter.
 19489 | Gauntlet | Found a transporter.
 19501 | Gauntlet | Found a transporter.
 19501 | Gauntlet | Found a transporter.
 19536 | Gauntlet | Found a transporter.
 19633 | Gauntlet | Identified the amulet "Bela" {rF- Regen+ RegenMP+ Dex+8}
 19672 | Gauntlet | Noticed a minotaur
 19679 | Gauntlet | Killed a minotaur
 19915 | Lair:1   | Reached skill level 10 in Conjurations
 19948 | Lair:1   | Reached XP level 14. HP: 58/76 MP: 2/17
 20606 | Lair:1   | Reached ***** piety under Dithmenos
 21183 | Lair:2   | You are sucked into a shaft and drop 2 floors!
 21996 | Lair:3   | Reached skill level 11 in Conjurations
 22093 | Lair:3   | Found a staircase to the Swamp.
 22182 | Lair:3   | Found a hole to the Spider Nest.
 22988 | Lair:3   | Identified the +1 leather armour of Yredelemnul's Esteem
                  | {rPois Regen+ rCorr Int-5}
 23293 | Lair:4   | Noticed Agan's ghost (journeyman MeSh)
 23297 | Lair:4   | Noticed a minotaur
 23308 | Lair:4   | Found a runed translucent gate.
 23327 | Lair:4   | Found a runed translucent gate.
 23475 | Lair:4   | Reached skill level 12 in Conjurations
 23506 | Lair:4   | Found a runed translucent gate.
 24049 | Lair:4   | Reached XP level 15. HP: 80/80 MP: 18/18
 24712 | Lair:5   | Entered Level 5 of the Lair of Beasts
 24720 | Lair:5   | Reached skill level 10 in Earth Magic
 24950 | Lair:5   | Reached skill level 13 in Conjurations
 25014 | Lair:5   | Found a staircase to the Slime Pits.
 25252 | Lair:5   | Reached ****** piety under Dithmenos
 25913 | Lair:5   | Identified the +1 scale mail of the Eternal Fruit {rF+
                  | Int+3 Dex-3}
 26675 | Orc:1    | Entered Level 1 of the Orcish Mines
 26805 | Orc:2    | Entered Level 2 of the Orcish Mines
 26909 | Orc:2    | Noticed Donald
 26920 | Orc:2    | Killed Donald
 26921 | Orc:2    | Reached skill level 1 in Summonings
 27598 | Orc:2    | Found a radiant altar of Vehumet.
 27647 | Orc:2    | Found Riemazyv's Magic Scroll Shoppe.
 28424 | Orc:2    | Found a roughly hewn altar of Beogh.
 28437 | Orc:2    | Found a staircase to the Elven Halls.
 28512 | Orc:2    | Found Icrok's Magic Scroll Emporium.
 28517 | Orc:2    | Bought a scroll of acquirement for 676 gold pieces
 28589 | Orc:2    | Reached skill level 5 in Spellcasting
 28589 | Orc:2    | Reached XP level 16. HP: 41/84 MP: 23/23
 28726 | Orc:2    | Reached skill level 5 in Summonings
 29056 | Orc:2    | Found Miotosats's Jewellery Boutique.
 29056 | Orc:2    | Found Natut's Antique Weapon Shop.
 29057 | Orc:2    | Found a one-way gate leading to the halls of Pandemonium.
 29123 | Orc:2    | Learned a level 6 spell: Bombard
 29417 | Orc:2    | Found a runed translucent gate.
 29433 | Orc:2    | Found a runed translucent gate.
 29434 | Orc:2    | Found a runed translucent gate.
 29987 | Orc:2    | Noticed djent's ghost (journeyman DEMo)
 29992 | Orc:2    | Noticed GNSpeed's ghost (journeyman TrBe)
 29999 | Orc:2    | Noticed BeKind's ghost (journeyman OpIE)
 30358 | D:9      | Acquired a +6 ring of intelligence
 30864 | D:14     | Reached skill level 14 in Conjurations
 31268 | D:14     | Found a gate to the Vaults.
 33043 | D:15     | Entered Level 15 of the Dungeon
 33151 | D:15     | Learned a level 7 spell: Spellforged Servitor
 33201 | D:15     | Noticed Azrael
 33429 | D:15     | Killed Azrael
 34235 | D:15     | Found a burning altar of Makhleb.
 35089 | D:15     | Reached XP level 17. HP: 88/88 MP: 9/27
 35428 | D:15     | Found a staircase to the Depths.
 35749 | D:15     | Identified the +2 robe "Sobujif" {rN+}
 36032 | Swamp:1  | Entered Level 1 of the Swamp
 36209 | Swamp:1  | Reached skill level 10 in Summonings
 36387 | Swamp:1  | Reached skill level 15 in Conjurations
 36511 | Swamp:1  | Learned a level 4 spell: Summon Lightning Spire
 37696 | Swamp:2  | Reached skill level 5 in Fighting
 39708 | Swamp:4  | Entered Level 4 of the Swamp
 40234 | Swamp:4  | Found a runed translucent door.
 41164 | Swamp:4  | Reached XP level 18. HP: 103/103 MP: 21/29
 41297 | Swamp:4  | Reached skill level 16 in Conjurations
 42080 | Swamp:4  | Paralysed by a hornet for 1 turns
 42224 | Swamp:4  | Found a basalt altar of Yredelemnul.
 42236 | Swamp:4  | Got a decaying rune of Zot
 42300 | Swamp:4  | Found a blossoming altar of Fedhas.
 42632 | Swamp:4  | Noticed Wesew's ghost (adept DECj)
 42948 | Spider:1 | Entered Level 1 of the Spider Nest
 43087 | Spider:1 | Reached skill level 1 in Armour
 43087 | Spider:1 | Reached skill level 1 in Shields
 44593 | Spider:1 | Noticed Nikola
 44600 | Spider:1 | Killed Nikola
 47389 | Spider:2 | Noticed Asterion
 47389 | Spider:2 | Noticed Frances
 47551 | Spider:2 | Reached skill level 15 in Dodging
 48416 | Spider:3 | Identified the serpent talisman of Polytheism {Stlth+}
 48416 | Spider:3 | Noticed Aizul
 48781 | Spider:3 | Killed Aizul
 48965 | Spider:3 | Reached XP level 19. HP: 107/107 MP: 30/30
 49110 | Spider:3 | Identified the blade talisman of the Volcano {rC+ Str+4
                  | Int+3 Dex+2}
 50868 | Spider:3 | Identified the +1 robe of Neppuudue {rC+ Int+4}
 51099 | Spider:4 | Entered Level 4 of the Spider Nest
 51114 | Spider:3 | Reached skill level 17 in Conjurations
 53502 | Spider:4 | Reached skill level 18 in Conjurations
 53541 | Spider:4 | Got a gossamer rune of Zot
 53570 | Spider:4 | Identified the -1 pair of boots of the Bulwark {rN+ Will+
                  | Int-3}
 53952 | Vaults:1 | Entered Level 1 of the Vaults
 53994 | Vaults:1 | Found a crumbling gateway.
 54005 | Desolati | Entered the Desolation of Salt
 54070 | Desolati | Identified the amulet of Tiweany {rF++ RegenMP+ Stlth+}
 54084 | Desolati | Identified the +1 triple crossbow "Seshrot" {flame,
                  | *Corrode Will+++ Int+3}
 54400 | Desolati | Reached XP level 20. HP: 112/112 MP: 19/31
 54648 | Desolati | Identified the ring of Taxzoc {^Contam rC+ Dex+3}
 54665 | Desolati | Identified the ring "Cown" {Fire rCorr Slay+3 Stlth-}
 54666 | Desolati | Identified the ring "Uriunini" {rPois Str+3 Slay-5 SInv}
 55266 | Desolati | Identified the amulet "Tuxeur" {Spirit Harm rF- Regen+
                  | Str+3}
 55551 | Vaults:1 | Reached skill level 15 in Earth Magic
 55881 | Vaults:1 | Reached skill level 19 in Conjurations
 56021 | Vaults:1 | Found Ucweudae's Antique Weapon Boutique.
 56676 | Vaults:1 | Identified the +2 rapier of the Loving Stork {drain,
                  | ^Fragile rN+ rCorr Int+2}
 56996 | Vaults:1 | Reached XP level 21. HP: 100/116 MP: 10/32
 57642 | Vaults:2 | Noticed Jory
 57660 | Vaults:2 | Killed Jory
 58170 | Vaults:2 | Learned a level 8 spell: Lehudib's Crystal Spear
 58203 | Vaults:2 | Reached skill level 20 in Conjurations
 58630 | Vaults:2 | Found a staircase to the Crypt.
 59071 | Vaults:2 | Identified the storm talisman of Past Mistakes {rN+ Dex+2
                  | Slay-4}
 59276 | Vaults:2 | Reached skill level 5 in Shields
 60233 | Vaults:3 | Reached skill level 10 in Fighting
 60578 | Vaults:3 | Noticed Mara
 60584 | Vaults:3 | Killed Mara
 61017 | Vaults:3 | Found Ickuth's Jewellery Emporium.
 61309 | Vaults:3 | Reached XP level 22. HP: 127/127 MP: 27/34
 62706 | Orc:2    | Bought a scroll of enchant weapon for 97 gold pieces
 62706 | Orc:2    | Bought a scroll of enchant armour for 97 gold pieces
 62706 | Orc:2    | Bought a scroll of enchant armour for 97 gold pieces
 62706 | Orc:2    | Bought a scroll of enchant armour for 97 gold pieces
 62713 | Orc:2    | Bought a scroll of enchant weapon for 112 gold pieces
 62713 | Orc:2    | Bought a scroll of fear for 60 gold pieces
 62713 | Orc:2    | Bought a scroll of enchant armour for 112 gold pieces
 62713 | Orc:2    | Bought a scroll of fog for 60 gold pieces
 62713 | Orc:2    | Bought a scroll of blinking for 112 gold pieces
 63762 | Vaults:4 | Reached skill level 10 in Shields
 64038 | Vaults:4 | Identified the +1 morningstar of the Hero {distort, Dex+4}
 64764 | Elf:1    | Entered Level 1 of the Elven Halls
 64802 | Elf:1    | Found Tufuc's Antique Weapon Boutique.
 64802 | Elf:1    | Found Fegeh's Distillery.
 64804 | Elf:1    | Found Athryjuw's General Store.
 64809 | Elf:1    | Bought a potion of heal wounds for 70 gold pieces
 64851 | Elf:1    | Found a glacial archway.
 64894 | IceCv    | Entered an ice cave
 65441 | IceCv    | Identified the ring "Sooxigry" {rC+ rCorr}
 65608 | Elf:1    | You are sucked into a shaft and drop 1 floor!
 65993 | Elf:2    | Found a huge runed translucent gate.
 65993 | Elf:2    | Found a huge runed translucent gate.
 65993 | Elf:2    | Found a huge runed translucent gate.
 65993 | Elf:2    | Found a huge runed translucent gate.
 65993 | Elf:2    | Found a huge runed translucent gate.
 66663 | Elf:2    | Reached XP level 23. HP: 132/132 MP: 32/35
 67126 | Elf:2    | Found Roikyg Comol's General Store.
 67131 | Elf:2    | Bought a potion of cancellation for 120 gold pieces
 67131 | Elf:2    | Bought a potion of enlightenment for 75 gold pieces
 67131 | Elf:2    | Bought a potion of invisibility for 120 gold pieces
 67801 | Elf:1    | Found Kiefryi's Jewellery Shop.
 68760 | Elf:1    | Found the +7 mace of Variability {chaos, chaos arc}
 69055 | Depths:1 | Entered Level 1 of the Depths
 69132 | Depths:1 | Found an ornate altar of the Wu Jian Council.
 69345 | Depths:1 | Found a one-way gate to the infinite horrors of the Abyss.
 69937 | Depths:1 | Found a runed translucent door.
 69940 | Depths:1 | Found a radiant altar of Vehumet.
 70764 | Depths:1 | Noticed Sojobo
 70893 | Depths:1 | Found a gateway to Hell.
 71001 | Depths:1 | Found a one-way gateway to a ziggurat.
 71357 | Depths:1 | Paralysed by an air elemental for 1 turns
 71499 | Depths:1 | Killed Sojobo
 71754 | Depths:1 | Noticed an ancient lich
 71795 | Depths:2 | Found a sacrificial altar of Ru.
 72234 | Depths:2 | Found Kyloekho's Jewellery Shop.
 72383 | Depths:2 | Found Pucokhlox's Weapon Boutique.
 72492 | Depths:2 | Identified the +5 trident of Xalohap {vamp, ^Drain rElec
                  | rC++}
 72729 | Depths:2 | Reached XP level 24. HP: 93/137 MP: 17/35
 72970 | Depths:2 | Reached skill level 21 in Conjurations
 73257 | Depths:2 | Identified the +3 robe of Lilacs {Harm Str+5}
 73257 | Depths:2 | Noticed Boris
 73258 | Depths:2 | Found a radiant altar of Vehumet.
 73262 | Depths:2 | Killed Boris
 73425 | Depths:2 | Identified the +8 orcbow "Liat" {flame, Str+4 SInv}
 73427 | Depths:2 | Got the Encyclopedia of the Entourage
 75092 | Depths:3 | Noticed Parghit
 75099 | Depths:3 | Killed Parghit
 75361 | Depths:3 | Noticed Vv
 76131 | Depths:3 | Noticed Mennas
 76400 | Depths:4 | Entered Level 4 of the Depths
 76406 | Depths:4 | Identified the +2 robe "Duseseer" {Harm Str+4}
 76406 | Depths:4 | Noticed Boris
 76409 | Depths:4 | Killed Boris
 76508 | Depths:4 | Reached skill level 22 in Conjurations
 76809 | Depths:4 | Identified the +5 sling of Recklessness {drain, ^Drain rN+
                  | rCorr Dex+2}
 77836 | Depths:4 | Reached XP level 25. HP: 141/141 MP: 10/35
 78209 | Depths:4 | Found a gate to the Realm of Zot.
 78919 | Elf:3    | Entered Level 3 of the Elven Halls
 79231 | Elf:3    | Identified the +7 battleaxe of the Manifold Lovers {holy,
                  | Stlth+}
 79983 | Elf:3    | Found Toyshoce's Distillery.
 79988 | Elf:3    | Bought a potion of resistance for 130 gold pieces
 80216 | Elf:3    | Identified the +7 spear "Wochumod" {heavy, rPois Int+3}
 80390 | Elf:3    | Identified the ring "Hithro" {*Slow Fly rPois rF+ Dex+4}
 80974 | Elf:3    | Found the +13 sword of the Doom Knight {doom -Cast ^Drain
                  | Will+}
 81053 | Elf:3    | Got the Exposition on Generative Relocation
 81054 | Elf:3    | Identified the +9 quarterstaff of Hell's Wrath {venom,
                  | *Corrode rN++ Dex+2}
 81059 | Elf:3    | Got the Excursus on the Consolidated Queen Bee
 81079 | Elf:3    | Got the Lessons on Differential Conjury
 81082 | Elf:3    | Got Cita's Compilation of Apparitions and the Burn
 81094 | Elf:3    | Identified the staffdeath "Mooneix" {rF- rN+ Dex+3 Stlth+
                  | Necro}
 81096 | Elf:3    | Identified the +0 chain mail of the Grue {*Slow +Inv rElec
                  | rF-}
 81100 | Elf:3    | Identified the +5 chain mail "Casu" {SInv Stlth+}
 81544 | Slime:1  | Entered Level 1 of the Pits of Slime
 81629 | Slime:5  | Entered Level 5 of the Pits of Slime
 83345 | Slime:5  | Found a viscous altar of Jiyva.
 83372 | Slime:5  | Noticed the Royal Jelly
 83535 | Slime:5  | Killed the Royal Jelly
 84153 | Slime:5  | Got the Elucidation of Ghoulish Charms
 84157 | Slime:5  | Got a slimy rune of Zot
 84182 | Slime:5  | Identified the +6 hand axe "Ibbadwire" {flame, rF+ Will+
                  | Str+3}
 84205 | Slime:5  | Found the +8 demon trident "Rift" {distort, reach+}
 84209 | Slime:5  | Identified the +4 broad axe of Xom's Hope {elec, Str+4
                  | Int+3 Dex-5}
 84231 | Slime:5  | Acquired 783 gold pieces
 84235 | Slime:5  | Acquired a +3 quick blade of protection
 84797 | Zot:1    | Entered Level 1 of the Realm of Zot
 85694 | Zot:1    | Reached XP level 26. HP: 147/158 MP: 22/35
 86060 | Zot:1    | Found a shimmering blue altar of Sif Muna.
 86347 | Zot:1    | Identified the orb of Lust {light, rCorr}
 87085 | Orc:2    | Bought a scroll of revelation for 97 gold pieces
 87085 | Orc:2    | Bought a scroll of revelation for 97 gold pieces
 87085 | Orc:2    | Bought a scroll of fog for 52 gold pieces
 87526 | Zot:1    | Reached skill level 15 in Fighting
 89594 | Zot:2    | Noticed a curse toe
 90401 | Zot:2    | Killed a curse toe
 90853 | Zot:2    | Reached skill level 5 in Armour
 91494 | Zot:3    | Noticed an orb of fire
 91503 | Zot:3    | Gained mutation: You are clumsy. (Dex -2) [an orb of fire]
 91505 | Zot:3    | Killed an orb of fire
 91626 | Zot:3    | Found a transporter.
 92964 | Zot:3    | Found a transporter.
 92970 | Zot:3    | Noticed a curse toe
 93770 | Lair:4   | Killed Agan's ghost
 94032 | Lair:5   | Upgraded the game from 0.32-a0-732-ga344392067 to
                  | 0.32-a0-747-gc8563f6773
 94377 | Elf:3    | Bought a potion of curing for 39 gold pieces
 94377 | Elf:3    | Bought 2 potions of brilliance for 104 gold pieces
 94377 | Elf:3    | Bought a potion of brilliance for 52 gold pieces
 94377 | Elf:3    | Bought a potion of ambrosia for 104 gold pieces
 94956 | Depths:4 | Reached skill level 1 in Evocations
 95868 | Zot:4    | Reached XP level 27. HP: 111/172 MP: 15/35
 96024 | Zot:4    | Reached skill level 1 in Invocations
 96081 | Zot:4    | Found a runed translucent gate.
 96084 | Zot:4    | Found a runed translucent gate.
 96087 | Zot:4    | Found a runed translucent gate.
 96947 | Zot:3    | Learned a level 5 spell: Irradiate
 97279 | Zot:4    | Reached skill level 5 in Invocations
 98361 | Zot:4    | Found a stormy altar of Qazlal.
 98453 | Zot:4    | Got the Precepts of Fire and Brimstone
 98466 | Zot:4    | Got the Book of the Zealot
 98531 | Zot:5    | Entered Level 5 of the Realm of Zot
 98577 | Zot:5    | Reached skill level 10 in Invocations
 99241 | Zot:5    | Noticed an orb of fire
 99243 | Zot:5    | Killed an orb of fire
 99451 | Zot:5    | Noticed an orb of fire
 99455 | Zot:5    | Killed an orb of fire
 99519 | Zot:5    | Noticed a Killer Klown
 99525 | Zot:5    | Killed a Killer Klown
 99589 | Zot:5    | Noticed a Killer Klown
 99591 | Zot:5    | Killed a Killer Klown
 99702 | Zot:5    | Noticed an orb of fire
 99711 | Zot:5    | Noticed an ancient lich
 99714 | Zot:5    | Killed an ancient lich
 99781 | Zot:5    | Killed an orb of fire
 99782 | Zot:5    | Reached skill level 15 in Invocations
100338 | Zot:5    | Noticed an orb of fire
100341 | Zot:5    | Gained mutation: You are weak. (Str -2) [an orb of fire]
100344 | Zot:4    | Gained mutation: You are vulnerable to heat. (rF-) [an orb
                  | of fire]
100345 | Zot:4    | Killed an orb of fire
100654 | Zot:5    | Noticed a Killer Klown
100657 | Zot:5    | Killed a Killer Klown
100839 | Zot:5    | Noticed a Killer Klown
100843 | Zot:5    | Killed a Killer Klown
100898 | Zot:5    | Noticed a Killer Klown
100901 | Zot:5    | Killed a Killer Klown
100907 | Zot:5    | Noticed a Killer Klown
100910 | Zot:5    | Killed a Killer Klown
101077 | Zot:5    | Noticed an orb of fire
101096 | Zot:5    | Gained mutation: You are partially covered in iridescent
                  | scales. (AC +2) [an orb of fire]
101097 | Zot:5    | Killed an orb of fire
101113 | Zot:4    | Lost mutation: You are weak. (Str -2) [potion of mutation]
101113 | Zot:4    | Lost mutation: You are clumsy. (Dex -2) [potion of
                  | mutation]
101113 | Zot:4    | Gained mutation: Your movements are slightly less
                  | encumbered by armour. (ER -2) [potion of mutation]
101113 | Zot:4    | Gained mutation: Your system is resistant to poisons.
                  | (rPois) [potion of mutation]
101114 | Zot:4    | Lost mutation: Your system is resistant to poisons. (rPois)
                  | [potion of mutation]
101114 | Zot:4    | Lost mutation: You are partially covered in iridescent
                  | scales. (AC +2) [potion of mutation]
101114 | Zot:4    | Gained mutation: Your spells are a little easier to cast,
                  | but a little less powerful. [potion of mutation]
101114 | Zot:4    | Gained mutation: Your mind is acute. (Int +4, Str/Dex -1)
                  | [potion of mutation]
101115 | Zot:4    | Lost mutation: You are vulnerable to heat. (rF-) [potion of
                  | mutation]
101115 | Zot:4    | Lost mutation: Your mind is acute. (Int +4, Str/Dex -1)
                  | [potion of mutation]
101115 | Zot:4    | Gained mutation: Your mind is acute. (Int +4, Str/Dex -1)
                  | [potion of mutation]
101115 | Zot:4    | Gained mutation: You occasionally shout uncontrollably at
                  | your foes. [potion of mutation]
101115 | Zot:4    | Gained mutation: You are partially covered in iridescent
                  | scales. (AC +2) [potion of mutation]
101116 | Zot:4    | Lost mutation: You are partially covered in iridescent
                  | scales. (AC +2) [potion of mutation]
101116 | Zot:4    | Lost mutation: Your spells are a little easier to cast, but
                  | a little less powerful. [potion of mutation]
101116 | Zot:4    | Lost mutation: Your mind is acute. (Int +4, Str/Dex -1)
                  | [potion of mutation]
101116 | Zot:4    | Gained mutation: Your health recovers twice as slowly from
                  | being drained. [potion of mutation]
101116 | Zot:4    | Gained mutation: You are covered in fur. (AC +1) [potion of
                  | mutation]
101116 | Zot:4    | Gained mutation: Your flesh is heat resistant. (rF+)
                  | [potion of mutation]
101116 | Zot:4    | Gained mutation: You have hidden genetic potential. [potion
                  | of mutation]
101319 | Zot:5    | Noticed an orb of fire
101325 | Zot:5    | Noticed an orb of fire
101566 | Zot:5    | Noticed an orb of fire
101569 | Zot:5    | Noticed a Killer Klown
101572 | Zot:5    | Killed an orb of fire
101573 | Zot:5    | Killed an orb of fire
101578 | Zot:5    | Killed a Killer Klown
101690 | Zot:5    | Killed an orb of fire
102989 | Zot:5    | Identified the +1 arbalest "Rilic" {antimagic, rElec rF+
                  | rN+ Dex-3}
103161 | Zot:5    | Got the Orb of Zot
103575 | D:11     | Noticed Akkaug the pandemonium lord
103715 | D:6      | Noticed Lamp the pandemonium lord
103872 | D:$      | Escaped with the Orb!

Illustrated notes

Levels and vault maps discovered:
D:1:      nicolae_arrival_memento_mori, layout_loops_cross,
          hellmonk_ecumenical_altar_inner_sanctum
D:2:      layout_loops_ring
D:3:      layout_basic, uniq_ijyb
D:4:      layout_cave_pools, uniq_grinder, uniq_menkaure
D:5:      layout_gridville, temple_green
D:6:      layout_basic, nzn_random_ring
D:7:      layout_basic, enter_bailey_8, hex_large, nicolae_sextant,
          nicolae_underground_beach
D:8:      corexii_shack_village, layout_cave_pods, uniq_maggie
D:9:      layout_basic, trog_book, orc_0_dummy
D:10:     layout_long_grid, dpeg_oklobed_lair, uniq_urug, uniq_psyche,
          uniq_snorg
D:11:     layout_basic, serial_shops, shop
D:12:     layout_layer_cave, serial_shops, nicolae_square_shop,
          lemuel_flamethrower_2
D:13:     layout_loops_ring, tso_oasis_becter
D:14:     layout_small_grid, david_vaults_1, serial_library_hellmonk_h_bend,
          grunt_ministairs_2, minmay_microvault
D:15:     grunt_enter_depths_magical_seal, layout_stronghold,
          serial_bayou_pond_d, demons_altar, uniq_azrael
Temple:   mainiacjoe_temple_starburst
Lair:1:   layout_loops_ring, gauntlet_entry_generic, cheibrodos_lair_reptile_den
Lair:2:   layout_regular_city, infiniplex_staircase_pool_2, lemuel_fruit_fields
Lair:3:   layout_regular_city, swamp_mist, hellmonk_spider_entry_life_and_decay,
          minmay_stone_trees_large, hangedman_lair_generics_rect,
          lemuel_fruit_fields
Lair:4:   layout_cave_pods, maelrawn_ghost_gauntlet_escape, grunt_megastairs_3
Lair:5:   due_jungle_book, layout_loops_ring, slime_entry_1
Swamp:1:  layout_basic_swamp, hangedman_swamp_ruin_hall,
          nicolae_swamp_decorative_isthmus
Swamp:2:  layout_basic_swamp, serial_swamp_ruin, evilmike_swamp_ruin_house_6,
          evilmike_swamp_ruin_house_1
Swamp:3:  layout_basic_swamp, evilmike_swamp_ruin_house_3
Swamp:4:  byrel_swamp_growth_death_and_undeath, layout_basic_swamp,
          ebering_ghost_inner_flame
Spider:1: nicolae_spider_hilbert_zone_3 [nicolae_spider_hilbert_4_sides_2_open,
          nicolae_spider_hilbert_3_sides_1_open,
          nicolae_spider_hilbert_3_sides_1_open,
          nicolae_spider_hilbert_3_sides_1_open,
          nicolae_spider_hilbert_3_sides_1_open,
          nicolae_spider_hilbert_4_sides_1_open,
          nicolae_spider_hilbert_4_sides_1_open,
          nicolae_spider_hilbert_4_sides_1_open,
          nicolae_spider_hilbert_4_sides_1_open,
          nicolae_spider_hilbert_4_sides_1_open,
          nicolae_spider_hilbert_4_sides_1_open,
          nicolae_spider_hilbert_4_sides_1_open,
          nicolae_spider_hilbert_4_sides_1_open,
          nicolae_spider_hilbert_3_sides_1_open,
          nicolae_spider_hilbert_3_sides_1_open,
          nicolae_spider_hilbert_3_sides_1_open,
          nicolae_spider_hilbert_3_sides_1_open], uniq_nikola
Spider:2: layout_chambers, uniq_frances, uniq_asterion
Spider:3: layout_chambers, drop_trap, hellmonk_motheaten_closet,
          hangedman_spider_tarantella_strand, uniq_aizul
Spider:4: hellmonk_spider_rune_bug_friends
Slime:1:  layout_caves
Slime:2:  layout_caves
Slime:3:  layout_caves
Slime:4:  layout_caves
Slime:5:  slime_pit
Orc:1:    layout_diamond_mine, guppyfry_library_mini
Orc:2:    pf_orc_diabolical, layout_caves, basic_altar,
          gammafunk_ghost_cemetery, lightli_volcano_entry_magma_tube,
          mines1_david, uniq_donald
Elf:1:    minmay_elf_arrival_plus, layout_gridlike, serial_shops, shop,
          portal_ice_cave_entry_frozen_things, minmay_elf_crystal_heptagon,
          kilobyte_mutagenic_chamber, minmay_shop_star
Elf:2:    elven_hall_of_blades_hangedman_alternative
          [nicolae_vaults_blade_armed_guards], layout_geoelf_octagon,
          serial_shops, shop, einodemon_crawler_minivault
Elf:3:    elf_hall, layout_loops_cross, serial_shops,
          nicolae_shop_industrial_runoff
Vaults:1: portal_desolation_entry_nicolae_nacl, vaults_mumra_chevron_long,
          v_misc_17, nicolae_vaults_wrenched, nicolae_vaults_shelves_hall,
          nicolae_vaults_display_case, nicolae_vaults_trapezoid_lopsided_4,
          hangedman_vaults_restitches, nicolae_vaults_prndl,
          ontoclasm_vaults_decontamination, layout_vaults_omnigrid,
          serial_shops, shop
Vaults:2: nicolae_vaults_network_square, nicolae_vaults_tangram_1, v_misc_8,
          ontoclasm_vaults_bender, minmay_crypt_entry_simple_statues,
          nicolae_vaults_offset_grid_hallway_3,
          nicolae_vaults_twisting_passages, ontoclasm_vaults_ligature,
          st_hourglassy, nicolae_vaults_tangram_1, ontoclasm_vaults_chip,
          nicolae_vaults_house_1, layout_vaults_big_cross, uniq_jory,
          uniq_margery
Vaults:3: vaults_room_boxed, nicolae_vaults_oval_intersection,
          vaults_dpeg_encased_lava, vaults_room_mumra_shop_pool, v_misc_25,
          nicolae_vaults_rhombus_7, nicolae_vaults_layer_cake_slice,
          nicolae_vaults_little_squares_6, nicolae_vaults_trapezoid_layered,
          nicolae_vaults_prndl, vaults_room_hallway, layout_vaults_maze_bifur,
          uniq_mara
Vaults:4: hangedman_vaults_stitches, v_pattern_4,
          nicolae_vaults_little_squares_3, v_misc_29, v_alt_pattern_1,
          nicolae_vaults_closet_pinwheel_2, vaults_dpeg_spiral,
          vaults_room_corners, minmay_orc_keep,
          nicolae_vaults_trapezoid_lopsided_1, vaults_dpeg_ring,
          nicolae_vaults_tetromino_Z_1, ontoclasm_vaults_loading_screen,
          layout_vaults_ring
Depths:1: layout_roguey, enter_ziggurat_e, grunt_mini_vestibule,
          pdpol_wu_jian_five_deadly_venoms, hangedman_abyss_entry_splay,
          chequers_serial_rivers_small_b, grunt_absolute_annihilation,
          uniq_sojobo
Depths:2: evilmike_halls_of_destruction, layout_gridlike,
          grunt_hell_entry_dis_old, nrook_uturn, grunt_pan_entry_spiral,
          nicolae_ru_great_annihilating_truth, minmay_shoptagon
Depths:3: minmay_spriggan_fort, layout_small_grid, serial_bayou_pond_c,
          nicolae_abyss_entry_one_way_or_another, pan_entry, hell_entry,
          st_stairs_9, chei_slow_surprise, infiniplex_staircase_trident,
          serial_bayou_shore_b, uniq_mennas, uniq_vv, uniq_parghit
Depths:4: grunt_zot_entry_hairpin, layout_basic, serial_glass, glass_columns_b,
          glass_columns_a, glass_columns_a, glass_columns_a, glass_columns_b,
          glass_columns_a, hangedman_geh_valley, hex_intersection,
          abyss_entry_glasseish, roderic_serpentine_path
Zot:1:    evilmike_crystal_ball_defense, layout_misc_corridors,
          regret_index_zotdec_magical_s, regret_index_zotdec_wing_it
Zot:2:    layout_basic
Zot:3:    gammafunk_sealed_arena, layout_cathedral_of_symmetry
Zot:4:    nicolae_zot_draconian_monastery, layout_gridlike,
          ebering_ghost_rock_garden, lemuel_elevator
Zot:5:    layout_misc_corridors, st_stairs_13

Skill      XL: |  1  2  3  4  5  6  7  8  9 10 11 12 13 14 15 16 17 18 19 20 21 22 23 24 25 26 27 |
---------------+----------------------------------------------------------------------------------+-----
Short Blades   | 2 3 7 10 | 10.0
Hexes          | 4 5 7 8 9 |  9.0
Ice Magic      | 1 2 4 |  4.0
Stealth        | 7 10 | 10.0
Fighting       | 4 7 10 14 17 18 | 18.7
Dodging        | 14 15 | 15.8
Conjurations   | 1 6 10 12 13 14 15 16 18 19 20 22 | 22.7
Air Magic      | 1 6 8 |  8.0
Earth Magic    | 5 9 11 14 16 17 19 | 19.6
Summonings     | 4 9 11 12 | 12.2
Spellcasting   | 5 6 7 8 |  8.3
Armour         | 4 8 |  8.8
Shields        | 4 8 12 14 | 14.6
Evocations     | 3 4 |  4.4
Invocations    | 19 | 19.1

Action                     |  1- 3 |  4- 6 |  7- 9 | 10-12 | 13-15 | 16-18 | 19-21 | 22-24 | 25-27 || total
---------------------------+-------+-------+-------+-------+-------+-------+-------+-------+-------++-------
  Melee: Dagger            |    59 |    73 |   227 |   231 |   390 |       |       |       |       ||   980
         Short sword       |       |       |       |       |   424 |   389 |   457 |   218 |   132 ||  1620
         Quick blade       |       |       |       |       |       |       |       |       |     2 ||     2
  Throw: Dart              |       |     6 |       |       |    11 |     3 |       |       |     2 ||    22
         Throwing net      |       |       |       |       |       |       |       |       |     2 ||     2
   Cast: Ensorcelled Hiber |    10 |    16 |    50 |    87 |   124 |    43 |    77 |     4 |     3 ||   414
         Confusing Touch   |       |     1 |    14 |    11 |    21 |     2 |     1 |       |       ||    50
         Tukima's Dance    |       |       |     4 |    17 |    21 |    13 |     2 |     3 |     1 ||    61
         Freezing Cloud    |       |       |       |       |    41 |    17 |    28 |     7 |    18 ||   111
         Bombard           |       |       |       |       |       |   349 |   223 |   420 |   489 ||  1481
         Summon Lightning  |       |       |       |       |       |    33 |     9 |    16 |     4 ||    62
         Spellforged Servi |       |       |       |       |       |    33 |    39 |    89 |   146 ||   307
         Lehudib's Crystal |       |       |       |       |       |       |     7 |    24 |   128 ||   159
 Invoke: Shadow Step       |       |       |       |       |     1 |     1 |     3 |     1 |       ||     6
  Evoke: Wand              |       |     1 |    14 |    12 |     5 |       |     7 |     5 |    25 ||    69
         Sack of spiders   |       |       |       |       |     2 |     1 |     2 |     2 |       ||     7
         Condenser vane    |       |       |       |       |     1 |     1 |     1 |     1 |     1 ||     5
    Use: Potion            |     1 |       |     3 |     2 |    11 |     8 |     6 |    12 |    22 ||    65
         Scroll            |       |     6 |     4 |     7 |    14 |    13 |     8 |    20 |    36 ||   108
   Stab: Sleeping          |    16 |    28 |    33 |    94 |   142 |    42 |   138 |    95 |    36 ||   624
         Invisible         |     1 |       |       |     4 |     7 |       |       |       |       ||    12
         Paralysed         |       |       |     4 |       |       |       |     1 |     1 |       ||     6
         Confused          |       |       |     8 |    10 |    18 |     1 |     2 |       |       ||    39
         Distracted        |       |       |     3 |     3 |    10 |    12 |    15 |     8 |     7 ||    58
         Held in net/web   |       |       |       |       |       |       |       |       |     1 ||     1
 Armour: Robe              |    21 |    29 |       |       |       |       |       |       |       ||    50
         Leather armour    |       |     4 |    82 |    49 |   203 |   214 |   226 |   135 |   252 ||  1165
         Skin              |       |       |       |       |       |       |       |       |    11 ||    11
  Dodge: Dodged            |    37 |    33 |    97 |   123 |   772 |   637 |   619 |   199 |   301 ||  2818
         Repelled          |       |       |       |     4 |     7 |    11 |     8 |    35 |    67 ||   132
  Block: Other             |     4 |    12 |    35 |    32 |    21 |       |       |       |       ||   104
         Reflection        |       |       |       |     2 |     5 |       |       |    20 |    11 ||    38
         Buckler           |       |       |       |       |       |       |   176 |    23 |       ||   199
         Kite shield       |       |       |       |       |       |       |       |   235 |   413 ||   648
Riposte: Dagger            |       |       |    11 |    48 |    85 |       |       |       |       ||   144
         Short sword       |       |       |       |       |   116 |   123 |   180 |    92 |   176 ||   687
         Unarmed           |       |       |       |       |       |       |       |    13 |       ||    13

Table legend: (Time is in decaauts)
 A = Elapsed time spent in this place.
 B = Non-inter-level travel time spent in this place.
 C = Inter-level travel time spent in this place.
 D = Time resting spent in this place.
 E = Time spent auto-exploring this place.
 F = Levels seen in this place.
 G = Mean time per level.
                   A        B        C        D        E       F      G
               +--------+--------+--------+--------+--------+-----+--------+
         Total | 103118 |  92982 |  10136 |  30982 |  41215 |  56 | 1841.4 |
       Dungeon |  25493 |  21371 |   4122 |   5047 |  12725 |  15 | 1699.5 |
        Temple |    126 |      2 |    124 |      0 |      0 |   1 |  126.0 |
          Lair |   8303 |   7089 |   1214 |    644 |   4932 |   5 | 1660.6 |
         Swamp |   6732 |   6491 |    241 |   2702 |   2826 |   4 | 1683.0 |
   Spider Nest |  10612 |  10284 |    328 |   3836 |   4780 |   4 | 2653.0 |
    Slime Pits |   2826 |   2780 |     46 |   1572 |     93 |   5 |  565.2 |
  Orcish Mines |   4367 |   3427 |    940 |    686 |   1770 |   2 | 2183.5 |
   Elven Halls |   5845 |   5584 |    261 |   1733 |   2482 |   3 | 1948.3 |
        Vaults |   8095 |   7321 |    774 |   1924 |   3906 |   4 | 2023.8 |
        Depths |  10742 |   9523 |   1219 |   3358 |   3633 |   4 | 2685.5 |
           Zot |  15758 |  14895 |    863 |   8096 |   2834 |   5 | 3151.6 |
        Bailey |   1612 |   1612 |      0 |    657 |    292 |   1 | 1612.0 |
      Ice Cave |    691 |    691 |      0 |    265 |    122 |   1 |  691.0 |
    Desolation |   1470 |   1470 |      0 |    459 |    542 |   1 | 1470.0 |
      Gauntlet |    440 |    440 |      0 |      0 |    278 |   1 |  440.0 |
               +--------+--------+--------+--------+--------+-----+--------+

Top non-repeatable levels by time:
   Zot:4: 4816 daAuts
Depths:2: 3452 daAuts
    D:15: 3273 daAuts
   Zot:1: 3185 daAuts
   Orc:2: 3121 daAuts
Spider:3: 3078 daAuts
   Zot:3: 2838 daAuts
 Swamp:4: 2790 daAuts
    D:14: 2784 daAuts
Depths:4: 2730 daAuts
Depths:1: 2674 daAuts
Spider:1: 2662 daAuts
Vaults:2: 2536 daAuts
   Zot:5: 2533 daAuts
Spider:4: 2476 daAuts
